 Dungeon Crawl Stone Soup version 0.25-a0-294-gea9b1ad378 (webtiles) character file.

Game seed: 13233045415559362382, levelgen mode: classic

292 Borgoz the Skirmisher (level 6, -6/39 HPs)
             Began as a Gargoyle Berserker on Dec 19, 2019.
             Was a Believer of Trog.
             Killed by divine providence
             ... invoked by an orc priest
              (14 damage)
             ... on level 4 of the Dungeon.
             The game lasted 00:02:51 (2676 turns).

Borgoz the Skirmisher (Gargoyle Berserker)          Turns: 2676, Time: 00:02:51

Health: -6/39      AC:  9    Str: 20    XL:     6   Next: 33%
Magic:  6/6        EV: 12    Int:  8    God:    Trog [**....]
Gold:   248        SH:  0    Dex: 11    Spells: 5/5 levels left

rFire    . . .     SeeInvis .   a - +0 falchion
rCold    . . .     Gourm    .   (no shield)
rNeg     + . .     Faith    +   b - +0 animal skin
rPois    ∞         Spirit   .   (no helmet)
rElec    +         Reflect  .   j - +0 cloak
rCorr    .         Harm     .   (no gloves)
MR       .....                  l - +0 pair of boots
Stlth    +.........             m - amulet of faith
HPRegen  0.13/turn              (no ring)
MPRegen  0.10/turn              (no ring)

@: berserk cooldown, slowed, very slow
A: negative energy resistance 1, electricity resistance, unbreathing,
petrification resistance, rot immunity, AC +4
a: Berserk, Trog's Hand, Renounce Religion


You were on level 4 of the Dungeon.
You worshipped Trog.
Trog was pleased with you.
You were not hungry.

You visited 1 branch of the dungeon, and saw 4 of its levels.

You collected 248 gold pieces.

Inventory:

Hand Weapons
 a - a +0 falchion (weapon)
Armour
 b - a +0 animal skin (worn)
 j - a +0 cloak (worn)
 l - a +0 pair of boots (worn)
Jewellery
 f - an uncursed ring of flight
 m - an amulet of faith (around neck)
 u - an uncursed ring of positive energy {unknown}
Scrolls
 e - 4 scrolls of teleportation {unknown}
 i - a scroll of fear {unknown}
 k - 3 scrolls of identify {unknown}
 p - a scroll of random uselessness {unknown}
 q - a scroll of enchant armour {unknown}
 t - a scroll of amnesia {unknown}
Potions
 d - 2 potions of ambrosia {unknown}
 g - 2 potions of degeneration {unknown}
 h - a potion of agility {unknown}
 n - 2 potions of lignification {unknown}
 o - a potion of mutation {unknown}
 r - a potion of flight {unknown}
 s - 2 potions of curing {unknown}
 v - a potion of haste {unknown}
Comestibles
 c - 8 rations


   Skills:
 + Level 4.4 Fighting
 * Level 4.4 Long Blades
 + Level 3.7 Armour
 + Level 2.7 Dodging


You had 5 spell levels left.
You didn't know any spells.
Your spell library was empty.

Dungeon Overview and Level Annotations

Branches:
Dungeon (4/15)
 Temple: D:4-7

Altars:
Ashenzari


Innate Abilities, Weirdness & Mutations

You are resistant to torment.
Your stone body is resilient. (AC +4)
You are immune to poison.
You resist negative energy. (rN+)
You are resistant to electric shocks. (rElec)
You can survive without breathing.
You are immune to petrification.
You are immune to rotting.


Message History

* * * LOW HITPOINT WARNING * * *
You hit the orc priest but do no damage.
The orc priest is moderately wounded.
The orc priest hits you but does no damage.
The orc hits you but does no damage.
The howler monkey skeleton hits you but does no damage.
You closely miss the orc priest.
The orc priest is moderately wounded.
The orc priest looks encouraged for a moment.
The orc misses you. The howler monkey skeleton misses you.
You riposte.
You hit the howler monkey skeleton.
The howler monkey skeleton is lightly damaged.
The orc priest misses you. The orc barely misses you.
The howler monkey skeleton misses you.
You riposte.
You hit the howler monkey skeleton.
The howler monkey skeleton is moderately damaged.
You eat one of the 9 rations.
That ration really hit the spot!
The orc priest invokes the aid of Beogh against you.
Beogh smites you!
You die...

#......# #.# #.. #....#.#
#.# #.. # #....#.# #..
#.# #. ....#.# #.# #.# .
#.##...#.# #.# #<# ..
......#.# #.###.#
.o###.#.##)#####.#...#
.........Zo#...).....#..
...#.##..#@#.###.......#
#..#..#o#.#.....#...#
#.......#.#....##.....
#.#....####.#.#####..####
.#...........#........#
#........#############..
#.######## #


You could see an orc priest, an orc and a howler monkey skeleton.

Vanquished Creatures
  Sigmund (D:2)
  An orc wizard (D:4)
  3 adders
  2 oozes (D:3)
  4 worms
  2 dart slugs
  2 leopard geckos (D:3)
  7 orcs (D:4)
  4 giant cockroaches
  10 goblins
  4 hobgoblins
  4 jackals
  A quokka (D:2)
  8 bats
  2 frilled lizards (D:2)
  2 kobolds
  8 rats
65 creatures vanquished.

Notes
Turn   | Place    | Note
-------+----------+-------------------------------------------
     0 | D:1      | Borgoz the Gargoyle Berserker began the quest for the Orb.
     0 | D:1      | Reached XP level 1. HP: 14/14 MP: 1/1
   103 | D:1      | Reached XP level 2. HP: 19/19 MP: 2/2
   905 | D:2      | Reached XP level 3. HP: 23/23 MP: 3/3
  1134 | D:2      | Found a shattered altar of Ashenzari.
  1170 | D:2      | Reached ** piety under Trog
  1172 | D:2      | Noticed Sigmund
  1184 | D:2      | Killed Sigmund
  1184 | D:2      | Reached XP level 4. HP: 29/29 MP: 4/4
  1184 | D:2      | Reached XP level 5. HP: 33/33 MP: 5/5
  2177 | D:3      | Reached XP level 6. HP: 37/39 MP: 6/6
  2416 | D:3      | Found a faded altar of an unknown god.
  2676 | D:4      | Killed from afar by an orc priest

Levels and vault maps discovered:
D:1:      dpeg_arrival_pond, layout_basic
D:2:      layout_basic, lemuel_round_altar, minmay_quadrilaterals, uniq_sigmund
D:3:      layout_loops_corners, chequers_ecumenical_altar_simple_redux,
          first_ration
D:4:      layout_basic, kennysheep_mini_moat, minmay_temple_entry_ruins,
          uniq_duvessa

Skill      XL: |  1  2  3 |
---------------+----------+-----
Long Blades    | 3 4 |  4.4
Dodging        | 2 |  2.7
Fighting       | 4 |  4.4
Armour         | 3 |  3.7

Action                   |  1- 3 |  4- 6 || total
-------------------------+-------+-------++-------
Melee: Falchion          |    82 |   100 ||   182
Invok: Berserk           |     1 |     1 ||     2
       Trog's Hand       |     1 |       ||     1
 Stab: Sleeping          |     1 |     1 ||     2
  Eat: Chunk             |     1 |     5 ||     6
       Ration            |       |     1 ||     1
Armor: Animal skin       |    31 |    51 ||    82
Dodge: Dodged            |    67 |    79 ||   146
       Rpst.: Falchion   |    21 |    28 ||    49

Table legend:
 A = Non-vault XP
 B = Vault XP
 C = Vault XP percentage of total XP
 D = Non-vault monster count
 E = Vault monster count
 F = Vault count percentage of total count
                 A         B        C        D         E       F
            +---------+---------+-------+---------+---------+-------
      Total |     209 |     209 |  50.0 |      62 |       3 |   4.6
            +---------+---------+-------+---------+---------+-------
        D:1 |      26 |       0 |   0.0 |      14 |       0 |   0.0
        D:2 |      56 |     209 |  78.9 |      23 |       3 |  11.5
        D:3 |      70 |       0 |   0.0 |      17 |       0 |   0.0
        D:4 |      57 |       0 |   0.0 |       8 |       0 |   0.0
            +---------+---------+-------+---------+---------+-------
